 Dungeon Crawl Stone Soup version 0.31-a0-149-g3fdcc5976a (webtiles) character file.

Game seed: 17769751649792399232

4935 qw the Skirmisher (level 10, -3/88 HPs)
             Began as a Minotaur Hunter on June 7, 2023.
             Was a Priest of Okawaru.
             Killed by vampiric draining
             ... invoked by a vampire
              (8 damage)
             ... on level 8 of the Dungeon.
             The game lasted 00:03:10 (7509 turns).

qw the Skirmisher (Minotaur Hunter)                 Turns: 7509, Time: 00:03:11

Health: -3/88      AC: 10    Str: 17    XL:     10   Next: 27%
Magic:  12/12      EV: 17    Int:  6    God:    Okawaru [***...]
Gold:   482        SH:  0    Dex: 22    Spells: 9/9 levels left

rFire   + . .        b - +0 orcbow
rCold   . . .        (shield currently unavailable)
rNeg    . . .        k - +0 steam dragon scales of the Bagpipe {Rampage rF+ Dex+5}
rPois   .            (helmet restricted)
rElec   .            c - +0 cloak
rCorr   .            (no gloves)
SInv    .            (no boots)
Will    +....        n - amulet of the acrobat
Stlth   ++           f - +4 ring of protection
HPRegen 0.34/turn    a - ring of willpower
MPRegen 0.13/turn

%: acrobat, rampage
@: no status effects
A: horns 2, retaliatory headbutt
a: Renounce Religion, Heroism


You were on level 8 of the Dungeon.
You worshipped Okawaru.
Okawaru was most pleased with you.
You visited 2 branches of the dungeon, and saw 10 of its levels.

You collected 482 gold pieces.


Innate Abilities, Weirdness & Mutations

You have a pair of horns on your head.
You reflexively headbutt those who attack you in melee.


   Skills:
 - Level 8.1 Fighting
 - Level 13.0 Ranged Weapons
 - Level 3.3 Armour
 + Level 6.9 Dodging
 - Level 0.7 Stealth
 - Level 4.0 Invocations


You had 9 spell levels left.
You didn't know any spells.
Your spell library was empty.

Inventory:

Hand Weapons
 b - a +0 orcbow (weapon)
 Y - a +0 shortbow of flaming
Armour
 c - a +0 cloak (worn)
 k - the +0 steam dragon scales of the Bagpipe (worn) {Rampage rF+ Dex+5}
   (You found it on level 7 of the Dungeon)

   Dex:       It affects your dexterity (+5).
   rF:        It protects you from fire.
   Rampage:   It bestows one free step when moving towards enemies.
Jewellery
 a - a ring of willpower (right hand)
 f - a +4 ring of protection (left hand)
 n - an amulet of the acrobat (around neck)
Scrolls
 h - a scroll of teleportation
 i - 3 scrolls of identify
Potions
 d - 4 potions of curing
 e - a potion of might
 g - 2 potions of haste
 l - a potion of resistance {unknown}
 m - a potion of cancellation {unknown}

Dungeon Overview and Level Annotations

Branches:
Dungeon (9/15)             Temple (1/1) D:5
   Lair: D:8-11         Orc: D:9-12

Altars:
Ashenzari
Cheibriados
Dithmenos
Fedhas
Gozag
Hepliaklqana
Kikubaaqudgha
Makhleb
Nemelex Xobeh
Okawaru
Qazlal
Ru
Trog
Vehumet
Wu Jian
Xom
Yredelemnul
Zin

Annotations:
D:8 3 runed translucent doors, qw's ghost, novice GrFi


Message History

Deactivating autopickup; reactivate with Ctrl-A.
You shoot an arrow. Something hits you but does no damage.
Something barely misses you.
You shoot an arrow. Something draws life force from you!!
You shoot an arrow. Something hits you but does no damage.
Something bites you but does no damage.
You shoot an arrow. Something hits you but does no damage. Something bites you.
Something draws strength from your injuries!
You shoot an arrow. Something hits you but does no damage. Something bites you.
Something draws strength from your injuries!
You shoot an arrow. Something hits you. Something bites you but does no damage.
You shoot an arrow. You shoot an arrow. Something hits you!
Something bites you!
Something draws strength from your injuries!
You shoot an arrow. Something hits you but does no damage.
Something closely misses you.
You shoot an arrow. Something hits you. Something bites you.
Something draws strength from your injuries!
You shoot an arrow. Something barely misses you. Something bites you.
Something draws strength from your injuries!
You shoot an arrow. Something hits you but does no damage. Something bites you.
Something draws strength from your injuries!
You shoot an arrow. You shoot an arrow. Something hits you.
Something bites you.
Something draws strength from your injuries!
You shoot an arrow. Something hits you but does no damage. Something bites you.
Something draws strength from your injuries!
You shoot an arrow. Something draws life force from you!
You die...

##......## #
#...##...# #### #
#..####..# ... #
#..####..# ... #
#...##...# ..# ##
##........## #..#
.###..........## ..#
.##...######...##{.#
.....## ##...@.#
#...## ##...##
##...## #...##
##...######...##
##..........##
###......## ########


There were no monsters in sight!

Vanquished Creatures
  Joseph (D:7)
  Maggie (D:6)
  A troll (D:9)
  A hornet (D:8)
  Prince Ribbit (D:6)
  A wyvern (D:7)
  6 yaks (D:8)
  A steam dragon (D:6)
  A water moccasin (D:7)
  2 sky beasts
  5 ogres
  A black bear (D:6)
  An orc warrior (D:7)
  A centaur (D:7)
  A phantom (D:7)
  A kobold brigand (D:7)
  2 bullfrogs (D:6)
  A gnoll sergeant (D:7)
  2 scorpions
  4 wights (D:8)
  2 howler monkeys
  A lava snake (D:7)
  3 orc priests
  6 hounds
  A jelly (D:4)
  3 iguanas
  6 orc wizards
  A sleepcap (D:7)
  Robin (D:3)
  13 gnolls
  9 adders
  A shadow imp (D:6)
  An ufetubus (D:5)
  2 worms
  2 dart slugs
  14 orcs
  6 endoplasms
  4 giant cockroaches
  16 hobgoblins
  4 jackals
  15 kobolds
  8 quokkas
  4 ball pythons
  5 bats
  6 frilled lizards
  11 goblins
  4 rats
184 creatures vanquished.

Vanquished Creatures (others)
  An angel (D:7)
  A gnoll (D:7)
2 creatures vanquished.

Grand Total: 186 creatures vanquished

Notes
Turn   | Place    | Note
-------+----------+-------------------------------------------
     0 | D:1      | qw the Minotaur Hunter began the quest for the Orb.
     0 | D:1      | Reached XP level 1. HP: 18/18 MP: 0/0
     0 | D:1      | 0 ||| qw: Version: 0.2-a-117-gc6b5c8b
     0 | D:1      | 0 ||| qw: Game counter: 2558
     0 | D:1      | 0 ||| qw: Always use a shield: true
     0 | D:1      | 0 ||| qw: God list: Okawaru
     0 | D:1      | 0 ||| qw: Allow faded altars: false
     0 | D:1      | 0 ||| qw: Do Orc after D:15 true
     0 | D:1      | 0 ||| qw: Do second Lair branch before Depths: true
     0 | D:1      | 0 ||| qw: Lair rune preference: random
     0 | D:1      | 0 ||| qw: Plans: Normal
     0 | D:1      | 0 ||| PLANNING D:1-11
    97 | D:1      | Reached XP level 2. HP: 25/25 MP: 1/1
   107 | D:1      | Reached skill level 5 in Ranged Weapons
   377 | D:1      | Reached skill level 3 in Fighting
   429 | D:1      | 429 ||| FLEEEEING.
   430 | D:1      | 430 ||| FLEEEEING.
   454 | D:1      | Reached XP level 3. HP: 31/31 MP: 2/2
   900 | D:1      | 900 ||| UPGRADING to +0 ring mail.
   910 | D:1      | 910 ||| DROPPING +0 leather armour.
   911 | D:1      | 911 ||| READING scroll labelled LEZXEFR XAACK.
  1012 | D:1      | 1012 ||| READING scroll labelled KAASOM TUPETZ.
  1013 | D:1      | 1013 ||| READING scroll labelled XYCITO VOMI.
  1016 | D:1      | 1016 ||| READING scroll labelled ZATAEPOKEI.
  1017 | D:1      | 1017 ||| DROPPING scroll of butterflies.
  1113 | D:2      | Reached skill level 1 in Armour
  1152 | D:2      | Reached XP level 4. HP: 11/38 MP: 3/3
  1153 | D:2      | HP: 9/38 [poisoned by an adder]
  1162 | D:2      | 1162 ||| FLEEEEING.
  1327 | D:2      | Reached skill level 6 in Ranged Weapons
  1462 | D:2      | Found a faded altar of an unknown god.
  1502 | D:2      | 1502 ||| DROPPING scarf of harm.
  1503 | D:2      | 1503 ||| UPGRADING to +0 cloak.
  1508 | D:2      | 1508 ||| UPGRADING to +4 ring of protection.
  1509 | D:2      | 1509 ||| READING scroll labelled ASIYKH CISSUS.
  1881 | D:3      | Noticed Robin
  1884 | D:3      | Killed Robin
  1908 | D:3      | Found a blossoming altar of Fedhas.
  1923 | D:3      | Noticed an oklob plant
  1924 | D:3      | 1924 ||| READING scroll labelled ODWUTO ANWIOGH.
  1926 | D:3      | 1926 ||| READING 3 scrolls labelled QIK BIUKLORI.
  1931 | D:3      | 1931 ||| FLEEEEING.
  1932 | D:3      | 1932 ||| FLEEEEING.
  2131 | D:3      | Reached XP level 5. HP: 45/46 MP: 4/4
  2245 | D:3      | 2245 ||| DRINKING 3 inky potions.
  2246 | D:3      | 2246 ||| DRINKING 2 emerald potions.
  2247 | D:3      | 2247 ||| READING 4 scrolls of identify.
  2247 | D:3      | 2247 ||| IDENTIFYING pink potion
  2248 | D:3      | 2248 ||| READING 3 scrolls of identify.
  2248 | D:3      | 2248 ||| IDENTIFYING smoky white potion
  2249 | D:3      | 2249 ||| DROPPING potion of magic.
  2250 | D:3      | 2250 ||| DROPPING 2 scrolls of torment.
  2251 | D:3      | 2251 ||| DROPPING potion of lignification.
  2269 | D:3      | HP: 9/46 [oklob plant/splash of acid (17)]
  2270 | D:3      | 2270 ||| READING scroll of teleportation.
  2540 | D:4      | Found a burning altar of Makhleb.
  2541 | D:4      | Found a stormy altar of Qazlal.
  2542 | D:4      | Found an ancient bone altar of Kikubaaqudgha.
  2771 | D:4      | Reached skill level 7 in Ranged Weapons
  2774 | D:4      | 2774 ||| Stepping ~*~*~tactically~*~*~ (outnumbered).
  2781 | D:4      | Reached XP level 6. HP: 24/52 MP: 5/5
  2891 | D:4      | Identified the +6 mace "Juvvicoug" {freeze, rF++ rC- Int+4}
  3241 | D:4      | 3241 ||| READING scroll labelled XUTTUG FED.
  3242 | D:4      | 3242 ||| READING 3 scrolls of identify.
  3242 | D:4      | 3242 ||| IDENTIFYING fizzy red potion
  3243 | D:4      | 3243 ||| READING 2 scrolls of identify.
  3243 | D:4      | 3243 ||| IDENTIFYING silvery potion
  3244 | D:4      | 3244 ||| DROPPING potion of brilliance.
  3256 | D:5      | Entered Level 5 of the Dungeon
  3346 | D:5      | Reached skill level 8 in Ranged Weapons
  3366 | D:5      | 3366 ||| READING scroll of brand weapon.
  3366 | D:5      | 3366 ||| BRANDING +0 heavy shortbow.
  3634 | D:5      | Reached XP level 7. HP: 61/61 MP: 6/6
  3640 | D:5      | Found a staircase to the Ecumenical Temple.
  3641 | D:5      | 3641 ||| PLANNING TEMPLE
  3641 | D:5      | 3641 ||| DRINKING 2 bubbling clear potions.
  3642 | D:5      | 3642 ||| DROPPING potion of degeneration.
  3656 | Temple   | Entered the Ecumenical Temple
  3688 | Temple   | 3688 ||| PLANNING OKAWARU WORSHIP
  3853 | Temple   | Became a worshipper of Warmaster Okawaru
  3853 | Temple   | 3853 ||| PLANNING D:1-11
  4153 | D:5      | 4153 ||| UPGRADING to ring of willpower.
  4194 | D:6      | Found a sacrificial altar of Ru.
  4231 | D:6      | Reached skill level 9 in Ranged Weapons
  4259 | D:6      | Noticed a steam dragon
  4273 | D:6      | Killed a steam dragon
  4273 | D:6      | HP: 15/61 [something (2)]
  4274 | D:6      | Reached skill level 3 in Dodging
  4275 | D:6      | 4275 ||| Stepping ~*~*~tactically~*~*~ (cloud).
  4595 | D:6      | Noticed Prince Ribbit
  4619 | D:6      | Reached skill level 6 in Fighting
  4619 | D:6      | Reached XP level 8. HP: 61/71 MP: 7/7
  4637 | D:6      | Killed Prince Ribbit
  4637 | D:6      | Reached * piety under Okawaru
  4718 | D:6      | 4718 ||| INVOKING Heroism.
  4724 | D:6      | Reached skill level 1 in Invocations
  4731 | D:6      | 4731 ||| INVOKING Heroism.
  4734 | D:6      | Reached skill level 10 in Ranged Weapons
  4899 | D:6      | 4899 ||| INVOKING Heroism.
  4981 | D:6      | Noticed Maggie
  4991 | D:6      | 4991 ||| INVOKING Heroism.
  4995 | D:6      | HP: 13/71 [Maggie/bolt of fire (18)]
  4996 | D:6      | 4996 ||| DRINKING 3 potions of heal wounds.
  4999 | D:6      | Killed Maggie
  5000 | D:6      | Reached skill level 3 in Invocations
  5357 | D:6      | Reached ** piety under Okawaru
  5463 | D:6      | 5463 ||| UPGRADING to +0 steam dragon scales.
  5473 | D:6      | 5473 ||| DROPPING +0 ring mail.
  5474 | D:6      | 5474 ||| UPGRADING to amulet of the acrobat.
  5479 | D:6      | 5479 ||| READING scroll labelled GAENOY HIOL.
  5480 | D:6      | 5480 ||| READING scroll labelled BIKYEZ WOMIJ.
  5481 | D:6      | 5481 ||| READING scroll labelled CEOHEC VYODWEE.
  5539 | D:7      | 5539 ||| INVOKING Heroism.
  5542 | D:7      | Reached XP level 9. HP: 69/79 MP: 8/11
  5693 | D:7      | Killed an angel
  5712 | D:7      | Found a shimmering altar of Xom.
  5718 | D:7      | Reached skill level 11 in Ranged Weapons
  5720 | D:7      | Found a glowing silver altar of Zin.
  5762 | D:7      | You fall into a shaft and drop 2 floors!
  5787 | D:9      | Noticed a troll
  5788 | D:9      | 5788 ||| INVOKING Heroism.
  5800 | D:9      | Killed a troll
  6063 | D:8      | Reached skill level 12 in Ranged Weapons
  6067 | D:8      | 6067 ||| INVOKING Heroism.
  6072 | D:8      | HP: 20/81 [yak (10)]
  6073 | D:8      | 6073 ||| DRINKING 2 potions of heal wounds.
  6076 | D:8      | 6076 ||| DRINKING potion of heal wounds.
  6078 | D:8      | Reached skill level 3 in Armour
  6085 | D:8      | Reached *** piety under Okawaru
  6091 | D:8      | Reached skill level 6 in Dodging
  6310 | D:8      | 6310 ||| READING 2 scrolls of identify.
  6310 | D:8      | 6310 ||| IDENTIFYING fuming cyan potion
  6323 | D:7      | Noticed Joseph
  6324 | D:7      | 6324 ||| INVOKING Heroism.
  6330 | D:7      | 6330 ||| DRINKING 5 potions of curing.
  6330 | D:7      | 6330 ||| (to cure confusion)
  6347 | D:7      | Killed Joseph
  6348 | D:7      | Reached XP level 10. HP: 41/88 MP: 12/12
  6566 | D:7      | 6566 ||| SWAPPING to +0 orcbow.
  6875 | D:7      | Reached skill level 13 in Ranged Weapons
  6880 | D:7      | Identified the +0 steam dragon scales of the Bagpipe
                  | {Rampage rF+ Dex+5}
  6986 | D:7      | 6986 ||| UPGRADING to +0 steam dragon scales of the Bagpipe
                  | {Rampage rF+ Dex+5}.
  6996 | D:7      | 6996 ||| DROPPING +0 steam dragon scales.
  7054 | D:8      | Found a runed translucent gate.
  7054 | D:8      | Found a runed translucent gate.
  7057 | D:8      | Found a runed translucent gate.
  7058 | D:8      | Noticed qw's ghost (novice GrFi)
  7187 | D:8      | 7187 ||| Stepping ~*~*~tactically~*~*~ (outnumbered).
  7189 | D:8      | 7189 ||| Stepping ~*~*~tactically~*~*~ (outnumbered).
  7191 | D:8      | 7191 ||| Stepping ~*~*~tactically~*~*~ (outnumbered).
  7503 | D:8      | HP: 22/88 [something (2)]
  7507 | D:8      | HP: 9/88 [something (5)]
  7509 | D:8      | Killed from afar by a vampire

Levels and vault maps discovered:
D:1:      lemuel_arrival_cross, layout_basic
D:2:      layout_rooms, basic_ecumenical_altar
D:3:      layout_loops_cross, tgw_fedhas, uniq_robin
D:4:      minmay_recursive_quarters, layout_cave_pools,
          chequers_temple_overflow_statue_of_worship
D:5:      layout_basic, minmay_temple_entry_antechambers, serial_corexii_hall,
          corexii_hall_statues_x, corexii_hall_statues_deadend,
          corexii_hall_statues_i, corexii_hall_statues_deadend
D:6:      layout_cave_pods, nicolae_ru_sacrificial_ziggurat,
          uniq_prince_ribbit1, uniq_maggie
D:7:      layout_basic, grunt_temple_overflow_order_and_chaos_1,
          hangedman_decor_slide_cut, kennysheep_diamond, uniq_joseph
D:8:      layout_gridville, nicolae_overflow_crystal_walls,
          gammafunk_ghost_ooze, skrybe_limestone_x, nicolae_sextant
D:9:      layout_loops_ring, gammafunk_ghost_smash, uniq_maurice
Temple:   grunt_temple_mini_profane

Skill      XL: |  1  2  3  4  5  6  7  8  9 10 |
---------------+-------------------------------+-----
Ranged Weapons | 5 6 7 8 9 10 12 13 | 13.0
Fighting       | 3 4 5 6 7 8 |  8.1
Armour         | 1 2 3 |  3.3
Dodging        | 3 6 |  6.9
Invocations    | 4 |  4.0
Stealth        | |  0.7

Action                     |  1- 3 |  4- 6 |  7- 9 | 10-12 || total
---------------------------+-------+-------+-------+-------++-------
   Fire: Shortbow          |   102 |   179 |   283 |    10 ||   574
         Orcbow            |       |       |       |   107 ||   107
 Invoke: Heroism           |       |       |     8 |       ||     8
    Use: Scroll            |     4 |    10 |     4 |       ||    18
         Potion            |       |     2 |     5 |       ||     7
 Armour: Leather armour    |     3 |       |       |       ||     3
         Ring mail         |     8 |    31 |    35 |       ||    74
         Steam dragon scal |       |       |    47 |    23 ||    70
  Dodge: Dodged            |    26 |    61 |   123 |    28 ||   238

Table legend:
 A = Non-vault XP
 B = Vault XP
 C = Vault XP percentage of total XP
 D = Non-vault monster count
 E = Vault monster count
 F = Vault count percentage of total count
                 A         B        C        D         E       F
            +---------+---------+-------+---------+---------+-------
      Total |    5689 |    1362 |  19.3 |     162 |      22 |  12.0
            +---------+---------+-------+---------+---------+-------
        D:1 |      51 |       0 |   0.0 |      29 |       0 |   0.0
        D:2 |      81 |       0 |   0.0 |      19 |       0 |   0.0
        D:3 |      84 |      33 |  28.2 |      20 |      11 |  35.5
        D:4 |      95 |      96 |  50.3 |      12 |       6 |  33.3
        D:5 |     547 |       0 |   0.0 |      13 |       0 |   0.0
        D:6 |    1140 |     640 |  36.0 |      16 |       2 |  11.1
        D:7 |    1383 |     593 |  30.0 |      31 |       3 |   8.8
        D:8 |    1954 |       0 |   0.0 |      17 |       0 |   0.0
        D:9 |     354 |       0 |   0.0 |       5 |       0 |   0.0
            +---------+---------+-------+---------+---------+-------
